 Dungeon Crawl Stone Soup version 0.29.1-4-g47bece8355 (webtiles) character file.

Game seed: 3645305156038758457

238632 Mitcholas the Warrior (level 20, -17/155 HPs)
             Began as a Djinni Conjurer on Nov 30, 2022.
             Was the Champion of Makhleb.
             Demolished by a deep elf blademaster
             ... wielding a +0 vorpal quick blade
              (31 damage)
             ... on level 1 of the Elven Halls on Dec 2, 2022.
             The game lasted 04:20:41 (30508 turns).

Mitcholas the Warrior (Djinni Conjurer)            Turns: 30508, Time: 04:20:42

Health: -17/155    AC: 16    Str:  6    XL:     20   Next: 4%
Gold:   3058       EV: 12    Int: 26    God:    Makhleb [******] SH: 22 Dex: 15

rFire   + + .      SeeInvis .   a - staff of conjuration
rCold   + . .      Faith    .   D - +3 tower shield {rC+}
rNeg    . . .      Spirit   .   e - +3 troll leather armour
rPois   ∞          Reflect  .   c - +0 helmet
rElec   .          Harm     .   h - +2 cloak
rCorr   .          Rampage  .   d - +1 pair of gloves
Will    +++..                   (boots unavailable)
Stlth   ++........              G - amulet of regeneration
HPRegen 1.95/turn               P - ring of protection from cold
MPRegen 0.00/turn               J - ring of willpower

@: flying, studying Evocations
A: sickness immunity, fire resistance 2, cold vulnerability 1, float, innate
caster, HP casting, extra vitality 1
}: 2/15 runes: decaying, gossamer
a: Renounce Religion, Minor Destruction, Lesser Servant of Makhleb, Major
Destruction, Greater Servant of Makhleb


You were on level 1 of the Elven Halls.
You worshipped Makhleb.
Makhleb was exalted by your worship.
You visited 7 branches of the dungeon, and saw 32 of its levels.
You also visited: Ice Cave.

You collected 3962 gold pieces.
You spent 904 gold pieces at shops.

Inventory:

Hand Weapons
 p - a +2 whip of electrocution
Missiles
 Q - 5 throwing nets
Armour
 c - a +0 helmet (worn)
 d - a +1 pair of gloves (worn)
 e - a +3 troll leather armour (worn)
 h - a +2 cloak (worn)
 D - a +3 tower shield of cold resistance (worn)
Magical Staves
 a - a staff of conjuration (weapon)
Jewellery
 k - a ring of wizardry
 r - a ring of see invisible
 F - a ring of resist corrosion
 G - an amulet of regeneration (around neck)
 J - a ring of willpower (right hand)
 K - a ring of protection from cold
 P - a ring of protection from cold (left hand)
Wands
 y - a wand of charming (27)
 C - a wand of polymorph (24)
 H - a wand of iceblast (45)
 S - a wand of quicksilver (37)
 V - a wand of flame (57)
 W - a wand of mindburst (20)
Scrolls
 b - 12 scrolls of identify
 f - 3 scrolls of poison
 l - 5 scrolls of butterflies
 o - 10 scrolls of teleportation
 q - 5 scrolls of blinking
 u - a scroll of brand weapon
 v - a scroll of enchant armour
 B - 3 scrolls of fear
 E - 3 scrolls of enchant weapon
 I - 3 scrolls of immolation
Potions
 i - 4 potions of invisibility
 j - 7 potions of lignification
 n - 22 potions of curing
 s - 5 potions of resistance
 t - 8 potions of brilliance
 w - 6 potions of haste
 x - 6 potions of ambrosia
 z - 2 potions of cancellation
 A - 10 potions of heal wounds
 N - a potion of mutation
 R - 5 potions of might
Miscellaneous
 g - a condenser vane
 m - a lightning rod (4/4)
 O - a phial of floods


   Skills:
 + Level 17.4 Fighting
 - Level 12.0 Armour
 + Level 6.8 Dodging
 - Level 1.5 Stealth
 * Level 14.4 Shields
 * Level 14.8 Spellcasting
 + Level 10.8 Invocations
 + Level 12.4 Evocations


You couldn't memorise any spells.
You knew the following spells:

 Your Spells              Type           Power      Damage    Failure   Level
a - Magic Dart            Conj           100%       1d8       1%          1
b - Searing Ray           Conj           100%       2d8       1%          2
c - Dazzling Flash        Conj/Hex       100%       N/A       1%          3
d - Fulminant Prism       Conj/Hex       49%        3d21      1%          4
e - Iskenderun's Mystic   Conj/Tloc      98%        2d19      1%          4
f - Sting                 Tmut/Pois      100%       1d8       1%          1
g - Blink                 Tloc           100%       N/A       1%          2
h - Ignite Poison         Fire/Tmut/Pois 77%        N/A       1%          3
i - Ozocubu's Armour      Ice            77%        N/A       1%          3
j - Leda's Liquefaction   Hex/Erth       38%        N/A       1%          4
k - Agony                 Necr           77%        N/A       1%          5
l - Statue Form           Tmut/Erth      51%        N/A       5%          6
m - Eringya's Noxious Bo  Tmut/Pois      38%        N/A       5%          6
n - Dragon Form           Tmut           38%        N/A       28%         7
Your spell library was empty.

Dungeon Overview and Level Annotations

Branches:
Dungeon (15/15)            Temple (1/1) D:7            Lair (5/5) D:9
  Swamp (4/4) Lair:2       Spider (4/4) Lair:3        Slime (0/5) Lair:5
    Orc (2/2) D:10            Elf (1/3) Orc:2        Vaults (0/5) D:13
 Depths (0/4) D:15          IceCv (visited)

Altars:
Ashenzari
Cheibriados
Dithmenos
Elyvilon
Fedhas
Gozag
Hepliaklqana
Makhleb
Nemelex Xobeh
Okawaru
Qazlal
Ru
Trog
Uskayaw
Wu Jian
Xom
Yredelemnul
Zin
The Shining One
Jiyva
Lugonu

Shops:
D:14 *   D:15 **::   Orc:2 **![[

Portals:
Abyss: Spider:2

Annotations:
Elf:1 1 transporter, wjchen's ghost, adept MiFi


Innate Abilities, Weirdness & Mutations

You are immune to sickness and miasma.
You are immune to poison.
Your flesh is very heat resistant. (rF++)
You are vulnerable to cold. (rC-)
You float through the air rather than walking.
You learn spells naturally, not from books.
Your magical power is your life essence.
You have superior vitality. (+4 MHP)


Message History

The deep elf blademaster slams into the stone wall!
The deep elf blademaster is severely wounded.
The deep elf blademaster hits you but does no damage.
You block the deep elf blademaster's attack. x2
The deep elf blademaster hits you but does no damage.
Casting: Iskenderun's Mystic Blast (safe; 1% risk of failure)
Confirm with . or Enter, or press ? or * to list all spells.
You feel a surge of power!
You erupt in a blast of force!
The mystic blast hits wjchen's ghost!
Wjchen's ghost is lightly damaged.
Wjchen's ghost is knocked back by the mystic blast.
The mystic blast hits the deep elf blademaster!!
The deep elf blademaster is almost dead.
The deep elf blademaster is knocked back by the mystic blast.
The deep elf blademaster slams into the stone wall!
The deep elf blademaster is almost dead.
The deep elf blademaster hits you with a +0 vorpal quick blade!!
The deep elf blademaster hits you with a +2 rapier of flaming.
* * * LOW HITPOINT WARNING * * *
The deep elf blademaster burns you.
* * * LOW HITPOINT WARNING * * *
Wjchen's ghost screams, "Don't try to defend!
You have no chance!"
Unknown command.
Casting: Iskenderun's Mystic Blast (safe; 1% risk of failure)
Confirm with . or Enter, or press ? or * to list all spells.
You feel a surge of power!
You erupt in a blast of force!
The mystic blast hits the deep elf blademaster!!
The deep elf blademaster is lightly wounded.
The deep elf blademaster is knocked back by the mystic blast.
The mystic blast hits the deep elf blademaster!
The deep elf blademaster is almost dead.
The deep elf blademaster is knocked back by the mystic blast.
The deep elf blademaster slams into the stone wall!
The deep elf blademaster is almost dead.
* * * LOW HITPOINT WARNING * * *
You block the deep elf blademaster's attack.
The deep elf blademaster hits you with a +2 rapier of flaming!!
* * * LOW HITPOINT WARNING * * *
The deep elf blademaster hits you with a +0 vorpal quick blade!!
You die...

.######.## ###.......####...⌠
.........# ##.................
.........# ####....#####....#)...
.........###.##..###...###..#.###
.....)#..'......##...#.####......
#....)#.####.#..#....####.#...###
....#.#.# #...##W†e.#≈#..##...#
#####.#.# #...#†...)!?#...#...#
#.#.# ##..©#@.##._!...©#©..#
#.#.# #....#e## .$$#...#..###
#.#.# ###..######.#≈#.##.....
#.#.# ##..##....#####..#### .#.#
#..##......###..#
##..###..e###..## #....#####....#
#....#...........##
.###...........###


You could see 2 deep elf blademasters and wjchen's ghost.

Vanquished Creatures
  A bone dragon (Swamp:4)
  Jorgrun (Spider:1)
  Frances (Elf:1)
  Kirke (D:12)
  Roxanne (Swamp:2)
  2 fenstrider witches (Swamp:3)
  A fire giant (D:14)
  A frost giant (D:14)
  An azure jelly (IceCv)
  3 ghost moths
  An orc warlord (Orc:1)
  8 emperor scorpions
  A ghoul (Swamp:1)
  A deep elf elementalist (Elf:1)
  A quicksilver ooze (IceCv)
  A broodmother (Spider:3)
  A stone giant (D:15)
  6 eleionomae
  The ghost of Afruuf the Cleaver, a journeyman PaFi of Ashenzari (D:14)
  4 entropy weavers
  4 spark wasps
  The ghost of Cegin the Spear-Bearer, a journeyman MiBe of Trog (Lair:4)
  4 bunyips
  Josephine (Swamp:1)
  2 shambling mangroves (Swamp:4)
  A yaktaur captain (D:13)
  Harold (Lair:2)
  14 hydras
  9 boulder beetles
  4 rakshasas
  An ogre mage (Orc:2)
  2 centaur warriors
  A ghost crab (Swamp:4)
  5 catoblepae
  4 jorogumos
  13 two-headed ogres
  2 tengu warriors (D:15)
  13 death yaks
  An orc high priest (Orc:2)
  4 alligators
  2 radroaches (Spider:4)
  3 dancing weapons
  A spriggan berserker (Swamp:3)
  The ghost of GigaChad the Shield-Bearer, a novice TrFi of Trog (D:8)
  5 deep elf knights (Elf:1)
  2 goliath frogs
  6 spriggan druids
  6 steelbarb worms
  2 pharaoh ants (Spider:4)
  7 orb spiders
  12 bog bodies
  2 cherubim (D:15)
  4 swamp dragons
  3 orc knights
  7 deep elf zephyrmancers (Elf:1)
  A phantasmal warrior (Swamp:4)
  2 deep elf archers (Elf:1)
  A lindwurm (shapeshifter) (D:14)
  A lindwurm (Lair:4)
  15 ugly things
  10 deep elf pyromancers
  8 orc sorcerers
  4 manticores
  3 will-o-the-wisps
  21 wolf spiders
  3 cyclopes
  2 ice statues (IceCv)
  7 black mambas
  6 moths of wrath
  14 elephants
  2 gargoyles
  6 torpor snails
  13 cane toads
  2 yaktaurs (D:13)
  2 efreet
  A kobold demonologist (D:9)
  2 unseen horrors
  5 swamp worm zombies (Swamp:4)
  14 demonic crawlers
  2 rime drakes
  8 komodo dragons
  A freezing wraith (Lair:1)
  3 ice devils (Lair:1)
  4 polar bears
  3 hydra zombies (Swamp:4)
  4 trolls
  3 bloated husks
  A meliai (shapeshifter) (Elf:1)
  8 hornets
  9 tyrant leeches
  21 tarantellas
  32 slime creatures
  13 blink frogs
  4 dream sheep (Lair:5)
  5 alligator zombies (Swamp:4)
  3 spectral swamp dragons (Swamp:4)
  2 air elementals (Elf:1)
  18 culicivoras
  A shadow (D:13)
  Sigmund (D:2)
  5 spriggans
  12 jumping spiders
  9 wraiths
  5 basilisks
  7 wyverns
  46 yaks
  5 hogs (D:12)
  2 steam dragons (D:7)
  A fire elemental (Elf:1)
  48 redbacks
  A death yak simulacrum (Lair:1)
  13 vampire mosquitoes
  16 swamp worms
  8 wargs
  14 water moccasins
  2 acid dragons
  3 ice beasts
  28 orc warriors
  4 black bears
  2 swamp drakes
  2 sky beasts
  4 swamp dragon zombies (Swamp:4)
  2 great orb of eyes simulacra (IceCv)
  7 ogres
  35 wolves
  10 centaurs
  2 slime creature simulacra (IceCv)
  7 phantoms
  2 kobold brigands
  11 bullfrogs
  3 gnoll sergeants
  4 glowing shapeshifter simulacra (IceCv)
  4 necrophages
  4 scorpions
  A two-headed ogre simulacrum (Lair:1)
  7 wights
  14 killer bees
  A howler monkey (D:6)
  3 electric eels
  2 quasits (D:7)
  A gnoll bouda (D:9)
  3 hounds
  A jelly (D:7)
  20 orc priests
  An iguana (D:5)
  Terence (D:2)
  32 orc wizards
  5 spectral swamp drakes (Swamp:4)
  4 shapeshifter simulacra (IceCv)
  Robin (D:2)
  6 adders
  26 gnolls
  6 shadow imps
  10 white imps
  An ufetubus (D:7)
  4 dart slugs
  98 orcs
  7 ball pythons
  A bat (D:1)
  4 endoplasms
  3 giant cockroaches
  12 goblins
  4 hobgoblins
  2 jackals (D:5)
  3 quokkas
  A frilled lizard (D:3)
  7 kobolds
  9 rats
  A bush (Lair:2)
  4 fulminant prisms
  A lurking horror (Spider:2)
1114 creatures vanquished.

Vanquished Creatures (collateral kills)
  A troll (Orc:1)
  5 white imps (Orc:1)
6 creatures vanquished.

Vanquished Creatures (others)
  An emperor scorpion (Spider:4)
  A ghost crab (Swamp:4)
  A deep elf knight (Elf:1)
  A deep elf zephyrmancer (Elf:1)
  A deep elf pyromancer (Elf:1)
  6 bloated husks
  A swamp worm (Swamp:3)
  2 wights (D:8)
  An orc (D:8)
  A bush (Lair:4)
  8 demonic plants (D:7)
  14 foxfires
  399 fulminant prisms
  54 fungi
  79 plants
570 creatures vanquished.

Grand Total: 1690 creatures vanquished

Notes
Turn   | Place    | Note
-------+----------+-------------------------------------------
     0 | D:1      | Mitcholas the Djinni Conjurer began the quest for the Orb.
     0 | D:1      | Mitcholas set off with the following spells memorised:
                  | Magic Dart, Searing Ray, Dazzling Flash, Fulminant Prism,
                  | Iskenderun's Mystic Blast.
     0 | D:1      | Reached XP level 1. HP: 15/15 MP: 0/0
    94 | D:1      | Found a faded altar of an unknown god.
   214 | D:1      | Reached XP level 2. HP: 17/22 MP: 0/0
   288 | D:1      | Reached skill level 1 in Fighting
  1050 | D:2      | Reached XP level 3. HP: 22/28 MP: 0/0
  1050 | D:2      | Learned a level 1 spell: Sting
  1215 | D:2      | Reached skill level 2 in Fighting
  1357 | D:2      | Reached XP level 4. HP: 30/33 MP: 0/0
  1423 | D:2      | Noticed Terence
  1429 | D:2      | Killed Terence
  1593 | D:2      | Noticed Sigmund
  1606 | D:2      | Killed Sigmund
  1607 | D:2      | Reached skill level 3 in Fighting
  1607 | D:2      | Reached XP level 5. HP: 20/41 MP: 0/0
  1607 | D:2      | Learned a level 2 spell: Blink
  1607 | D:2      | Reached XP level 6. HP: 23/47 MP: 0/0
  2062 | D:2      | Reached skill level 4 in Fighting
  2137 | D:2      | Found a hazy altar of Hepliaklqana.
  2164 | D:2      | Noticed Robin
  2177 | D:2      | Killed Robin
  3219 | D:3      | Found a shadowy altar of Dithmenos.
  3841 | D:4      | Reached XP level 7. HP: 45/52 MP: 0/0
  3841 | D:4      | Learned a level 3 spell: Ignite Poison
  4010 | D:4      | Reached skill level 1 in Armour
  4131 | D:4      | Reached skill level 5 in Spellcasting
  4131 | D:4      | Reached skill level 1 in Evocations
  4633 | D:5      | Entered Level 5 of the Dungeon
  4644 | D:5      | Reached skill level 5 in Fighting
  4875 | D:5      | Reached XP level 8. HP: 53/59 MP: 0/0
  4943 | D:5      | Noticed a wyvern
  5463 | D:5      | Killed a wyvern
  5865 | D:6      | Found an iron altar of Okawaru.
  5890 | D:6      | Reached skill level 6 in Fighting
  5981 | D:6      | Reached XP level 9. HP: 59/66 MP: 0/0
  5981 | D:6      | Learned a level 3 spell: Ozocubu's Armour
  6990 | D:7      | Reached skill level 7 in Fighting
  7031 | D:7      | Reached skill level 5 in Armour
  7090 | D:7      | Reached skill level 5 in Evocations
  7106 | D:7      | Reached XP level 10. HP: 72/75 MP: 0/0
  7207 | D:7      | Found a staircase to the Ecumenical Temple.
  7216 | Temple   | Entered the Ecumenical Temple
  7216 | Temple   | Found a transporter.
  7216 | Temple   | Found a transporter.
  7218 | Temple   | Found a transporter.
  7218 | Temple   | Found a transporter.
  7258 | Temple   | Became a worshipper of Makhleb the Destroyer
  7758 | D:7      | Found a faded altar of an unknown god.
  7758 | D:7      | Found a glowing golden altar of the Shining One.
  7768 | D:7      | Reached skill level 8 in Fighting
  7777 | D:7      | Found a broken altar of Ashenzari.
  7779 | D:7      | Found a faded altar of an unknown god.
  7781 | D:7      | Found a blossoming altar of Fedhas.
  7941 | D:8      | Reached * piety under Makhleb
  8016 | D:8      | Reached skill level 1 in Invocations
  8078 | D:8      | Found a transporter.
  8078 | D:8      | Noticed a seven-headed hydra
  8103 | D:8      | Noticed GigaChad's ghost (novice TrFi)
  8104 | D:8      | Noticed a centaur warrior
  8246 | D:8      | Found a transporter.
  9081 | D:9      | Reached ** piety under Makhleb
  9096 | D:9      | Reached skill level 9 in Fighting
  9113 | D:9      | Noticed a kobold demonologist
  9118 | D:9      | Noticed an orange demon
  9119 | D:9      | Noticed an ice devil
  9123 | D:9      | Noticed a sun demon
  9124 | D:9      | Killed a kobold demonologist
  9125 | D:9      | Reached XP level 11. HP: 82/84 MP: 0/0
  9125 | D:9      | Learned a level 4 spell: Leda's Liquefaction
  9143 | D:9      | Found a staircase to the Lair.
  9149 | D:9      | Identified the +0 dagger of Wondrous Power {speed, rN+
                  | Int+7}
 10118 | D:10     | Entered Level 10 of the Dungeon
 10123 | D:10     | Noticed a deep elf pyromancer
 10129 | D:10     | Killed a deep elf pyromancer
 10266 | D:10     | Noticed a manticore
 10276 | D:10     | Killed a manticore
 10484 | D:10     | Reached *** piety under Makhleb
 10574 | D:10     | Found a staircase to the Orcish Mines.
 10643 | D:10     | Reached skill level 1 in Shields
 10885 | D:10     | Reached skill level 10 in Fighting
 10929 | D:10     | Found an ornate altar of the Wu Jian Council.
 11063 | D:11     | Noticed a boulder beetle
 11149 | D:11     | Noticed a five-headed hydra
 11149 | D:11     | Noticed a two-headed ogre
 11175 | Lair:1   | Entered Level 1 of the Lair of Beasts
 11190 | Lair:1   | Reached XP level 12. HP: 72/92 MP: 0/0
 11190 | Lair:1   | Noticed an eight-headed hydra
 11191 | Lair:1   | Noticed a boulder beetle
 11192 | Lair:1   | Reached **** piety under Makhleb
 11201 | D:9      | Killed an eight-headed hydra
 11363 | Lair:1   | Killed a boulder beetle
 11657 | Lair:1   | Reached skill level 11 in Fighting
 11667 | Lair:1   | Reached skill level 5 in Invocations
 11948 | Lair:1   | Noticed a death yak
 11966 | Lair:1   | Killed a death yak
 12018 | Lair:1   | Upgraded the game from 0.29.1-2-gbd0b4ee654 to
                  | 0.29.1-4-g47bece8355
 12294 | Lair:2   | Reached XP level 13. HP: 85/99 MP: 0/0
 12294 | Lair:2   | Learned a level 5 spell: Agony
 12341 | Lair:2   | Noticed a boulder beetle
 12365 | Lair:2   | Noticed Harold
 12373 | Lair:2   | Killed a boulder beetle
 12373 | Lair:2   | Reached ***** piety under Makhleb
 12374 | Lair:2   | Killed Harold
 12375 | Lair:2   | Reached skill level 5 in Dodging
 12730 | Lair:2   | Found a staircase to the Swamp.
 13255 | Lair:3   | Reached skill level 12 in Fighting
 13257 | Lair:3   | Reached skill level 10 in Spellcasting
 13323 | Lair:3   | Found a hole to the Spider Nest.
 13327 | Lair:3   | Reached skill level 5 in Shields
 13480 | Lair:3   | Noticed a six-headed hydra
 13501 | Lair:3   | Killed a six-headed hydra
 13976 | Lair:4   | Noticed a four-headed hydra
 13979 | Lair:4   | Killed a four-headed hydra
 14011 | Lair:4   | Noticed a five-headed hydra
 14020 | Lair:4   | Killed a five-headed hydra
 14021 | Lair:4   | Reached XP level 14. HP: 51/108 MP: 0/0
 14143 | Lair:4   | You are sucked into a shaft and drop 1 floor!
 14143 | Lair:5   | Entered Level 5 of the Lair of Beasts
 14143 | Lair:5   | Found a viscous altar of Jiyva.
 14143 | Lair:5   | Found a staircase to the Slime Pits.
 14216 | Lair:5   | Reached skill level 13 in Fighting
 14393 | Lair:4   | Found a runed translucent door.
 14394 | Lair:4   | Noticed Cegin's ghost (journeyman MiBe)
 15207 | Lair:5   | Reached skill level 10 in Armour
 15642 | Lair:5   | Reached ****** piety under Makhleb
 15643 | Lair:5   | Reached XP level 15. HP: 107/116 MP: 0/0
 15643 | Lair:5   | Learned a level 6 spell: Statue Form
 15723 | Lair:5   | Reached skill level 14 in Fighting
 15959 | Orc:1    | Entered Level 1 of the Orcish Mines
 15969 | Orc:1    | Identified a scroll of acquirement
 15969 | Orc:1    | Acquired a manual of Evocations
 15984 | Orc:1    | Found a frozen archway.
 16003 | IceCv    | Entered an ice cave
 16372 | IceCv    | Noticed a quicksilver ooze
 16372 | IceCv    | Noticed an azure jelly
 16389 | IceCv    | Killed a quicksilver ooze
 16389 | IceCv    | Killed an azure jelly
 16498 | IceCv    | Found a viscous altar of Jiyva.
 16884 | Orc:1    | Noticed an orc warlord
 16931 | Orc:1    | Killed an orc warlord
 17564 | Orc:2    | Entered Level 2 of the Orcish Mines
 17641 | Orc:2    | Found Vousif's General Store.
 17678 | Orc:2    | Found a staircase to the Elven Halls.
 18002 | Orc:2    | Reached XP level 16. HP: 123/124 MP: 0/0
 18374 | Orc:2    | Found Otuf's Distillery.
 18375 | Orc:2    | Found Mopotsyppi's Armour Shoppe.
 18376 | Orc:2    | Found Huism's Armour Shoppe.
 18380 | Orc:2    | Found Zethalitz's Assorted Antiques.
 18386 | Orc:2    | Bought a scroll labelled METADO WELIFIU for 33 gold pieces
 18386 | Orc:2    | Bought a runed cloak for 247 gold pieces
 18437 | Orc:2    | Bought a scroll of acquirement for 624 gold pieces
 18437 | Orc:2    | Acquired 752 gold pieces
 18609 | Spider:1 | Entered Level 1 of the Spider Nest
 18892 | Spider:1 | Noticed Jorgrun
 18913 | Spider:1 | Killed Jorgrun
 19053 | Spider:1 | You are sucked into a shaft and drop 1 floor!
 19173 | Spider:2 | Noticed an emperor scorpion
 19197 | Spider:2 | Reached skill level 15 in Fighting
 19205 | Spider:2 | Killed an emperor scorpion
 20066 | Spider:2 | Identified the +11 war axe "Seuconaq" {venom, *Noise Int+3}
 20274 | Spider:2 | Found a corrupted altar of Lugonu.
 20279 | Spider:2 | Found a one-way gate to the infinite horrors of the Abyss.
 20674 | Spider:3 | Reached skill level 10 in Shields
 21089 | Spider:3 | Reached XP level 17. HP: 131/131 MP: 0/0
 21089 | Spider:3 | Learned a level 6 spell: Eringya's Noxious Bog
 21130 | Spider:3 | Identified the +7 long sword of Zits {freeze, Str+3}
 21153 | Spider:3 | Identified the +3 war axe of Fixation {holy, Will+}
 21556 | Spider:4 | Entered Level 4 of the Spider Nest
 22119 | Spider:4 | Reached skill level 10 in Invocations
 22396 | Spider:4 | Reached skill level 16 in Fighting
 22652 | Spider:4 | Got a gossamer rune of Zot
 22969 | Swamp:1  | Entered Level 1 of the Swamp
 22998 | Swamp:1  | Reached skill level 10 in Evocations
 23052 | Swamp:1  | Noticed Josephine
 23068 | Swamp:1  | Reached XP level 18. HP: 140/140 MP: 0/0
 23069 | Swamp:1  | Killed Josephine
 23578 | Swamp:2  | Identified Roxanne's Parchment of the Geologist
 23578 | Swamp:2  | Noticed Roxanne
 23641 | Swamp:2  | Killed Roxanne
 24769 | Swamp:4  | Entered Level 4 of the Swamp
 25170 | Swamp:4  | Noticed a bone dragon
 25202 | Swamp:4  | Killed a bone dragon
 25690 | Swamp:4  | Got a decaying rune of Zot
 26027 | D:11     | Found a transporter.
 26027 | D:11     | Found a transporter.
 26029 | D:11     | Found a transporter.
 26029 | D:11     | Found a transporter.
 26133 | D:8      | Killed GigaChad's ghost
 26269 | Lair:4   | Killed Cegin's ghost
 26270 | Lair:4   | Reached XP level 19. HP: 139/147 MP: 0/0
 26270 | Lair:4   | Learned a level 7 spell: Dragon Form
 27439 | D:12     | Noticed Kirke
 27445 | D:12     | Reached skill level 17 in Fighting
 27449 | D:12     | Killed Kirke
 28040 | D:13     | Found a gate to the Vaults.
 28418 | D:14     | Found Gozag's Platinum Reserve.
 28419 | D:14     | Found an opulent altar of Gozag.
 28567 | D:14     | Found a glowing silver altar of Zin.
 28687 | D:14     | Found a transporter.
 28700 | D:14     | Noticed Afruuf's ghost (journeyman PaFi)
 28701 | D:14     | Identified the +8 great mace of the Forsaken Stars {freeze,
                  | Str+3 Int+5}
 28706 | D:14     | Found a transporter.
 29186 | D:14     | Killed Afruuf's ghost
 29237 | D:15     | Entered Level 15 of the Dungeon
 29284 | D:15     | Found Nisaits's Book Boutique.
 29289 | D:15     | Found Qeizocso's General Store.
 29289 | D:15     | Found Syhoddufo's Book Boutique.
 29290 | D:15     | Found Wocoorghu's General Store.
 29814 | D:15     | Found a staircase to the Depths.
 30003 | Elf:1    | Entered Level 1 of the Elven Halls
 30071 | Elf:1    | Found a transporter.
 30076 | Elf:1    | Found a transporter.
 30109 | Elf:1    | Paralysed by an air elemental for 1 turns
 30112 | Elf:1    | Paralysed by an air elemental for 1 turns
 30221 | Elf:1    | Paralysed by an air elemental for 1 turns
 30224 | Elf:1    | Paralysed by an air elemental for 1 turns
 30227 | Elf:1    | Paralysed by an air elemental for 1 turns
 30370 | Elf:1    | Noticed Frances
 30391 | Elf:1    | Killed Frances
 30425 | Elf:1    | Reached XP level 20. HP: 149/155 MP: 0/0
 30449 | Elf:1    | Found a bloodstained altar of Trog.
 30450 | Elf:1    | Noticed wjchen's ghost (adept MiFi)
 30508 | Elf:1    | Demolished by a deep elf blademaster

Illustrated notes

Levels and vault maps discovered:
D:1:      sevenhm_arrival_forest_fort_small_6, layout_basic,
          shapermc_ecumenical_altar_rom_forum, chequers_serial_rivers_room_a
D:2:      layout_loops_corners, basic_altar, uniq_robin, uniq_sigmund,
          uniq_terence
D:3:      layout_basic, mainiacjoe_overflow_tiny_flanked,
          minmay_misc_feat_nine_boxes, chequers_serial_rivers_room_a,
          corexii_corridor_pit, kennysheep_cross_bottleneck
D:4:      layout_basic
D:5:      layout_rooms
D:6:      layout_rooms, okawaru_trees_2
D:7:      layout_loops_ring, chequers_temple_overflow_minitemple,
          marbit_many_paths, temple_hall, serial_demonic, serial_demonic_a,
          serial_demonic_b, serial_demonic_e, serial_demonic_c,
          serial_demonic_g, serial_demonic_b
D:8:      layout_basic, gammafunk_ghost_arena, lemuel_flamethrower_2
D:9:      layout_basic, grunt_lair_entry_orc_guard_hut
D:10:     layout_roguey, pdpol_wu_jian_five_deadly_venoms, hiddenorc1_lemuel
D:11:     layout_rooms, nicolae_diode_quadrants
D:12:     layout_basic, uniq_kirke
D:13:     layout_loops_ring, david_vaults_2, nicolae_burly_brawl
D:14:     layout_long_grid, nicolae_gozag_zags_fifth_avenue,
          gammafunk_ghost_smash, zin_academy
D:15:     grunt_enter_depths_snipers, layout_rooms, minmay_misc_feat_tower,
          minmay_shop_grid_forest, pf_eden
Temple:   hellmonk_temple_divided_pantheon
Lair:1:   dreamdust_isle_of_ice, layout_concentric_octagons,
          grunt_forest_large_clearings
Lair:2:   layout_small_grid, minmay_swamp_entry_worms, uniq_harold
Lair:3:   layout_chaotic_city, nicolae_spider_entry_tight_spaces,
          kennysheep_catoblepas_arena
Lair:4:   layout_loops_ring, gammafunk_ghost_grave, minivault_24,
          lemuel_fruit_tree
Lair:5:   evilmike_catoblepas_cave, layout_long_grid, slime_entry_1,
          infiniplex_staircase_pool, lemuel_fruit_fields
Swamp:1:  layout_falls_marsh, nicolae_swamp_dense_foliage, swamp_pool3,
          uniq_josephine
Swamp:2:  layout_basic_swamp, evilmike_swamp_ruin_house_6, uniq_roxanne
Swamp:3:  layout_basic_swamp, hangedman_swamp_ruin_wall, st_swamp_mini,
          infiniplex_staircase_pool_2
Swamp:4:  swamp_pestilence, layout_basic_swamp, nicolae_swamp_bean_lake
Spider:1: layout_spider_delve, uniq_jorgrun
Spider:2: nicolae_spider_hilbert_zone_6 [nicolae_spider_hilbert_4_sides_1_open,
          nicolae_spider_hilbert_4_sides_1_open,
          nicolae_spider_hilbert_4_sides_1_open,
          nicolae_spider_hilbert_4_sides_1_open,
          nicolae_spider_hilbert_4_sides_1_open,
          nicolae_spider_hilbert_4_sides_1_open,
          nicolae_spider_hilbert_4_sides_1_open],
          amcnicky_altar_lugonu_corruption
Spider:3: cheibrodos_forgotten_conduit, hangedman_spider_tarantella_strand
Spider:4: guppyfry_spider_rune, worms_lemuel
Orc:1:    cheibrodos_orc_arena, layout_diamond_mine, portal_ice_cave_entry_imps,
          nicolae_orc_lava_tube, nooodl_orcs_dogs
Orc:2:    st_orc_mages, layout_diamond_mine, serial_shops, nicolae_shop_stone
Elf:1:    minmay_elf_arrival_plus, layout_gridlike, serial_co_window_serial,
          co_window_corner_a, co_window_paths_a, co_window_cross_1,
          co_window_paths_b, co_window_paths_a, co_window_2corner,
          co_window_2corner, co_window_2corner, co_window_4corner_a,
          glass_columns_a, glass_columns_b, glass_columns_a,
          gammafunk_ghost_wrathful_warriors, uniq_frances

Skill      XL: |  1  2  3  4  5  6  7  8  9 10 11 12 13 14 15 16 17 18 19 |
---------------+----------------------------------------------------------+-----
Fighting       | 1 2 3 4 5 6 7 9 10 11 12 13 14 15 16 17 | 17.4
Spellcasting   | 4 5 6 7 8 9 10 11 12 13 14 | 14.8
Armour         | 2 3 5 6 7 8 9 10 11 12 | 12.0
Evocations     | 1 3 5 6 8 10 11 12 | 12.4
Invocations    | 2 4 5 6 8 9 10 | 10.8
Shields        | 2 4 5 7 8 10 11 13 14 | 14.4
Dodging        | 3 4 5 6 |  6.8
Stealth        | |  1.5

Action                   |  1- 3 |  4- 6 |  7- 9 | 10-12 | 13-15 | 16-18 | 19-21 || total
-------------------------+-------+-------+-------+-------+-------+-------+-------++-------
Melee: Staff             |       |       |       |     2 |     2 |     4 |       ||     8
Throw: Throwing net      |       |       |       |     2 |       |       |       ||     2
 Cast: Magic Dart        |    33 |    66 |    66 |   119 |   233 |   247 |    40 ||   804
       Searing Ray       |     3 |     9 |    42 |    66 |    56 |    53 |    13 ||   242
       Sting             |       |    23 |     8 |       |       |       |       ||    31
       Dazzling Flash    |       |     2 |     8 |       |       |       |       ||    10
       Blink             |       |     1 |     1 |       |       |     2 |       ||     4
       Ignite Poison     |       |       |     1 |       |       |       |       ||     1
       Fulminant Prism   |       |       |     9 |    78 |   158 |   137 |    21 ||   403
       Ozocubu's Armour  |       |       |     1 |       |       |     1 |       ||     2
       Iskenderun's Myst |       |       |       |    70 |   276 |   613 |   210 ||  1169
       Eringya's Noxious |       |       |       |       |       |    20 |     8 ||    28
       Statue Form       |       |       |       |       |       |     1 |       ||     1
Evoke: Wand              |       |       |       |     3 |     3 |     4 |       ||    10
       Lightning rod     |       |       |       |       |       |       |     1 ||     1
  Use: Scroll            |       |       |     9 |     2 |    16 |     7 |       ||    34
       Potion            |       |       |       |       |       |     4 |       ||     4
Armor: Robe              |     5 |     6 |     2 |    25 |    29 |       |       ||    67
       Leather armour    |       |     1 |     9 |       |       |       |       ||    10
       Troll leather arm |       |       |       |       |       |    75 |    20 ||    95
Dodge: Dodged            |     2 |    16 |    31 |    84 |    44 |    57 |    21 ||   255
Block: Buckler           |       |       |       |     8 |    15 |       |       ||    23
       Tower shield      |       |       |       |       |    29 |   209 |    55 ||   293
